 Dungeon Crawl Stone Soup version 0.20-a0-633-gff4aa5c (webtiles) character file.

142 krabocopter the Changer (level 5, -6/41 HPs)
             Began as a Draconian Transmuter on Feb 11, 2017.
             Mangled by an orc
             ... wielding a cursed -1 trident
              (7 damage)
             ... on level 3 of the Dungeon.
             The game lasted 00:07:20 (3387 turns).

krabocopter the Changer (Draconian Transmuter)      Turns: 3387, Time: 00:07:22

Health: -6/41      AC:  6    Str: 13    XL:     5   Next: 4%
Magic:  9/9        EV: 12    Int: 14    God:
Gold:   121        SH:  0    Dex: 11    Spells: 9/10 levels left

rFire    . . .     SeeInvis .     - Unarmed
rCold    . . .     Gourm    .   (armour unavailable)
rNeg     . . .     Faith    .   (no shield)
rPois    .         Spirit   .   (helmet restricted)
rElec    .         Reflect  .   (no cloak)
rCorr    .         Harm     .   p - +0 pair of gloves
MR       .....                  (no boots)
Stlth    +.........             (no amulet)
Regen    0.2/turn               (no ring)
                                (no ring)

@: appendage
A: unfitting armour, horns 2, cold-blooded, AC +5
a: End Transformation


You were on level 3 of the Dungeon.
You were not hungry.
You had grown temporary horns.
You visited 1 branch of the dungeon, and saw 3 of its levels.

You collected 121 gold pieces.

Inventory:

Missiles
 a - 58 arrows
Armour
 p - a +0 pair of gloves (worn)
Jewellery
 r - an uncursed ring of magical power {unknown}
Scrolls
 f - 3 scrolls of teleportation {unknown}
 h - a scroll of enchant armour {unknown}
 i - 2 scrolls of blinking {unknown}
 l - a scroll of remove curse {unknown}
 n - 4 scrolls of identify {unknown}
Potions
 e - a potion of might {unknown}
 g - a potion of magic {unknown}
 k - a potion of berserk rage {unknown}
 m - 2 potions of invisibility {unknown}
 o - 2 potions of brilliance {unknown}
 s - 2 potions of heal wounds {unknown}
 t - a potion of flight {unknown}
Books
 b - a book of Changes

   Spells                             Type                      Level
   a - Beastly Appendage              Transmutation                1
   b - Sticks to Snakes               Transmutation                2
   c - Spider Form                    Transmutation/Poison         3
   d - Ice Form                       Ice/Transmutation            4
   e - Blade Hands                    Transmutation                5
Comestibles
 c - 3 bread rations
 d - 10 fruits
 j - 2 meat rations
 q - 4 chunks of flesh


   Skills:
 + Level 1.9 Fighting
 - Level 1.7 Dodging
 + Level 3.3 Unarmed Combat
 - Level 3.0 Spellcasting
 - Level 4.0 Transmutations


You had 9 spell levels left.
You knew the following spells:

 Your Spells              Type           Power        Failure   Level  Hunger
a - Beastly Appendage     Tmut           ##....       4%          1    #......


Dungeon Overview and Level Annotations

Branches:
Dungeon (3/15)

Altars:
Nemelex Xobeh
Okawaru


Innate Abilities, Weirdness & Mutations

Your plain brown scales are hard. (AC +5)
You cannot fit into any form of body armour.
You are cold-blooded and may be slowed by cold attacks.
You have a pair of horns on your head.


Message History

Something hits you but does no damage. The orc hits you but does no damage.
Something hits you but does no damage.
MP restored: 9 You hit something.
Your headbutt misses something. Something hits you but does no damage.
The orc barely misses you.
You hit something. Something hits you but does no damage. The orc misses you.
Something hits you but does no damage.
You barely miss something. Something hits you.
* * * LOW HITPOINT WARNING * * *
The orc hits you but does no damage.
Some of the chunks of flesh in your inventory have rotted away.
You take 4 damage, and have 9/41 hp.
You closely miss something. Something hits you.
* * * LOW HITPOINT WARNING * * *
You hear some strange, mumbled words.
A puff of frost appears from out of thin air!
The puff of frost hits you!
* * * LOW HITPOINT WARNING * * *
The orc hits you from afar with a trident!
You die...

.##.# #.#)#####
.##'####.#.....#
.#..<....#####.#
.#.......# #.#
.'.......# #.#
.####....# #.# ##
#....# #.#
####.#####.#########
###........@{o....#
#.........#######.#
#.........#
#....###### #....#
#....# #....# #....#
#....#


You could see an orc.

Vanquished Creatures
  Terence (D:3)
  6 adders
  A worm (D:2)
  3 orcs
  A ball python (D:3)
  A giant cockroach (D:1)
  5 goblins
  6 hobgoblins
  5 jackals
  12 bats
  A frilled lizard (D:2)
  11 kobolds
  6 rats
59 creatures vanquished.

Notes
Turn   | Place    | Note
-------+----------+-------------------------------------------
     0 | D:1      | krabocopter the Draconian Transmuter began the quest for the Orb.
     0 | D:1      | Reached XP level 1. HP: 16/16 MP: 3/3
   660 | D:1      | Reached XP level 2. HP: 23/23 MP: 5/5
  1582 | D:2      | Reached skill level 3 in Transmutations
  1582 | D:2      | Reached XP level 3. HP: 20/28 MP: 6/6
  2049 | D:2      | Found a sparkling altar of Nemelex Xobeh.
  2481 | D:2      | Reached XP level 4. HP: 34/35 MP: 8/8
  2886 | D:3      | Reached skill level 4 in Transmutations
  3155 | D:3      | Noticed Terence
  3175 | D:3      | Killed Terence
  3233 | D:3      | Found an iron altar of Okawaru.
  3327 | D:3      | Reached XP level 5. HP: 39/41 MP: 9/9
  3387 | D:3      | HP: 1/41 [something/puff of frost (5)]
  3387 | D:3      | Mangled by an orc

Vault maps used:
D:1:      dpeg_arrival_orchard, serial_forest, infiniplex_forest_end_1,
          infiniplex_forest_clump_medium, infiniplex_forest_clump_cross,
          infiniplex_forest_end_2, infiniplex_forest_lined_3_way,
          infiniplex_forest_straight_1, infiniplex_forest_straight_2,
          infiniplex_forest_straight_2, infiniplex_forest_fountain,
          infiniplex_forest_3_way, st_stairs_9
D:2:      lemuel_doored_altar, dk_vineyard_2, minivault_19,
          kennysheep_generic_room_2
D:3:      first_bread, okawaru_metal_pillars_1_2, uniq_terence, uniq_natasha

Skill      XL: |  1  2  3  4 |
---------------+-------------+-----
Transmutations | 3 4 |  4.0
Spellcasting   | 3 |  3.0
Fighting       | |  1.9
Dodging        | |  1.7
Unarmed Combat | |  3.3

Action                   |  1- 3 |  4- 6 || total
-------------------------+-------+-------++-------
Melee: Unarmed           |   166 |   103 ||   269
       Tailslap          |    19 |    14 ||    33
       Kick              |     5 |     4 ||     9
       Headbutt          |     5 |     3 ||     8
       Punch             |     1 |       ||     1
 Cast: Beastly Appendage |    10 |     5 ||    15
  Eat: Chunk             |     5 |     3 ||     8
Armor: Skin              |    40 |    43 ||    83
Dodge: Dodged            |    98 |    78 ||   176
